 Dungeon Crawl Stone Soup version 0.19.1 (webtiles) character file.

232103 dvd the Severer (level 18, -15/166 HPs)
             Began as a Minotaur Fighter on Dec 4, 2016.
             Was the Champion of Qazlal.
             Killed from afar by a shadow dragon (43 damage)
             ... with a bolt of negative energy
             ... on level 1 of the Elven Halls.
             The game lasted 02:04:11 (36072 turns).

dvd the Severer (Minotaur Fighter)                 Turns: 36072, Time: 02:04:12

Health: -15/166    AC: 24    Str: 34    XL:     18   Next: 37%
Magic:  26/26      EV: 14    Int:  7    God:    Qazlal [******]
Gold:   1311       SH: 19    Dex: 17    Spells: 1 memorised, 15 levels left

rFire  + . .     SeeInvis .     a - +4 war axe (chop)
rCold  + . .     Gourm    .     V - +4 chain mail "Heaqygug" {+Blink rF+}
rNeg   . . .     Faith    +     w - +3 buckler {rC+}
rPois  +         Spirit   .     (helmet unavailable)
rElec  +         Reflect  .     y - +2 cloak of Taminnel {+Inv MR- Regen+ Str+2}
rCorr  +         Harm     .     K - +2 pair of gloves
MR     +....                    e - +2 pair of boots
Stlth  ..........               Z - amulet "Lyitug" {Faith *Corrode +Inv rElec Str+4}
                                S - ring of poison resistance
                                u - ring of the Four Souls {rCorr Dex+4}

@: lethally poisoned (-15 -> -16), protected from physical damage, slowed, repel
missiles, heavily drained, very slow
A: retaliatory headbutt, horns 3, blurry vision 1, clever 1, deformed body,
magic resistance 1, strong 1, evolution 1, sturdy frame 1
a: Upheaval, Elemental Force, Disaster Area, Renounce Religion, Evoke Blink,
Evoke Invisibility
}: 2/15 runes: decaying, gossamer


You were on level 1 of the Elven Halls.
You worshipped Qazlal.
Qazlal was exalted by your worship.
You were hungry.

You visited 7 branches of the dungeon, and saw 31 of its levels.
You also visited: Ossuary and Bailey.

You collected 4018 gold pieces.
You spent 2707 gold pieces at shops.

Inventory:

Hand Weapons
 a - a +4 war axe of chopping (weapon)
 b - a +3 flail of crushing
 o - a +3 morningstar of holy wrath
 R - the +7 glaive of Weluc {elec, +Blink rElec Str-3 Stlth+}
   (You found it on level 4 of the Lair of Beasts)

   Occasionally, upon striking a foe, it will discharge some electrical energy
   and cause terrible harm.
   It affects your strength (-3).
   It insulates you from electricity.
   It lets you blink.
   It makes you more stealthy.
Missiles
 m - 10 javelins
 F - 31 tomahawks of returning
 Q - 3 tomahawks (quivered)
Armour
 e - a +2 pair of boots (worn)
 w - a +3 buckler of cold resistance (worn)
 y - the +2 cloak of Taminnel (worn) {+Inv MR- Regen+ Str+2}
   (You bought it in a shop on level 1 of the Orcish Mines)

   It affects your strength (+2).
   It affects your resistance to hostile enchantments.
   It lets you turn invisible.
   It increases your rate of regeneration.
 D - the +0 cloak of Amyrup {Str+6 Dex-5 Slay+2}
   (You bought it in a shop on level 12 of the Dungeon)

   It affects your strength (+6).
   It affects your dexterity (-5).
   It affects your accuracy and damage with ranged weapons and melee attacks
   (+2).
 K - a +2 pair of gloves (worn)
 V - the +4 chain mail "Heaqygug" (worn) {+Blink rF+}
   (You bought it in a shop on level 12 of the Dungeon)

   It protects you from fire.
   It lets you blink.
Jewellery
 u - the ring of the Four Souls (left hand) {rCorr Dex+4}
   (You bought it in a shop on level 10 of the Dungeon)

   [ring of resist corrosion]

   It affects your dexterity (+4).
 S - a ring of poison resistance (right hand)
 Z - the amulet "Lyitug" (around neck) {Faith *Corrode +Inv rElec Str+4}
   (You bought it in a shop on level 10 of the Dungeon)

   [amulet of faith]

   It allows you to gain divine favour quickly.
   It affects your strength (+4).
   It insulates you from electricity.
   It lets you turn invisible.
   It may corrode you when you take damage.
Wands
 c - a wand of lightning (9/15)
 n - a wand of lightning (9/15)
 s - a wand of digging (8/24)
 B - a wand of acid (9/15)
 G - a wand of teleportation (5/9)
 I - a wand of lightning (7/15)
 J - a wand of flame (16/48)
 M - a wand of acid (11/15)
 U - a wand of acid (8/15)
 W - a wand of confusion (39/48)
Scrolls
 d - 5 scrolls of enchant armour
 i - 7 scrolls of remove curse
 j - 17 scrolls of identify
 k - a scroll of fog
 r - 7 scrolls of teleportation
 x - 10 scrolls of amnesia
 z - 2 scrolls of fear
 C - 2 scrolls of brand weapon
 H - 4 scrolls of blinking
 N - a scroll of magic mapping
 P - 2 scrolls of recharging
Potions
 g - 4 potions of ambrosia
 l - 10 potions of curing
 p - 2 potions of resistance
 t - 4 potions of heal wounds
 v - 2 potions of berserk rage
 A - 2 potions of cure mutation
 T - a potion of invisibility
 X - a potion of magic
 Y - a potion of might
Comestibles
 f - 17 bread rations
 h - 2 chunks of flesh
 E - 14 fruits
 L - 16 meat rations


   Skills:
 + Level 15.9(12.4) Fighting
 + Level 18.4(15.1) Axes
 + Level 5.1(10.0) Maces & Flails
 + Level 5.4(10.1) Polearms
 + Level 4.4(1.8) Throwing
 + Level 13.0(9.7) Armour
 + Level 9.6(6.5) Dodging
 - Level 3.5(0.9) Stealth
 + Level 17.5(13.8) Shields
 + Level 0.3(0.0) Spellcasting
 * Level 13.0(9.7) Invocations
 * Level 7.6(4.7) Evocations


You had 15 spell levels left.
You knew the following spells:

 Your Spells              Type           Power        Failure   Level  Hunger
a - Blink                 Tloc           N/A          99%         2    ###....


Dungeon Overview and Level Annotations

Branches:
Dungeon (13/15)            Temple (1/1) D:6            Lair (6/6) D:11
  Swamp (4/4) Lair:3       Spider (4/4) Lair:2        Slime (0/5) Lair:6
    Orc (2/2) D:9             Elf (1/3) Orc:2        Vaults (0/5) D:13

Altars:
Ashenzari
Cheibriados
Dithmenos
Elyvilon
Fedhas
Gozag
Hepliaklqana
Kikubaaqudgha
Makhleb
Nemelex Xobeh
Okawaru
Qazlal
Ru
Sif Muna
Trog
Uskayaw
Vehumet
Xom
Yredelemnul
Zin
The Shining One
Beogh
Jiyva

Shops:
D:6 [   D:8 *   D:9 :   D:10 =   D:12 **   Orc:1 [   Orc:2 (%?}

Portals:
Trove: D:10 (give 4 potions of cure mutation)


Innate Abilities, Weirdness & Mutations

You reflexively headbutt those who attack you in melee.
You have a pair of large horns on your head.
Scrolls take you a little longer to read.
Your mind is acute. (Int +2)
Armour fits poorly on your strangely shaped body.
You are resistant to hostile enchantments. (MR+)
Your muscles are strong. (Str +2)
You evolve.
Your movements are slightly less encumbered by armour. (ER -2)


Message History

* * * LOW HITPOINT WARNING * * *
You feel much better.
You feel sick.
You block the war axe of chopping's attack.
You block the shadow dragon's attack.
The shadow dragon claws you but does no damage. x2
You block the war axe of chopping's attack.
Unknown command.
Really read with blurry vision while enemies are nearby? [Y]es or [N]o only, please.
Really read with blurry vision while enemies are nearby? [Y]es or [N]o only, please.
Really read with blurry vision while enemies are nearby? [Y]es or [N]o only, please.
Really read with blurry vision while enemies are nearby?
Okay, then.
Unknown command.
You feel sick.
The shadow dragon breathes negative energy at you.
The bolt of negative energy hits you!
You feel drained.
You die...

#.# ##)#....#
#...
##..#..###
#...###...#..#
#.......##..#
#####.#####..#
#.###(# #..#
#..#(.# #..#
##D### #..#
#.@# #..#
#..(##.# #.#E
..# # ## ###


You could see a shadow dragon and a war axe of chopping.

Vanquished Creatures
  Mara (Spider:3)
  A bone dragon (Swamp:4)
  Asterion (Spider:3)
  2 thorn hunters
  Agnes (Spider:3)
  An orc warlord (D:9)
  5 emperor scorpions
  A ghost moth (Spider:4)
  Aizul (Spider:4)
  2 entropy weavers (Spider:3)
  The ghost of Melicamp the Unseen, a journeyman SpEn of Dithmenos (Swamp:2)
  The ghost of removeelyvilon the Fighter, a journeyman OgTm of Cheibriados (D:11)
  Snorg (D:11)
  2 spark wasps
  2 ogre magi (Orc:2)
  2 fire dragons (Lair:6)
  The ghost of Thomus the Severer, a journeyman HOFi of Okawaru (Orc:2)
  Harold (D:10)
  Erolcha (D:10)
  17 hydras
  5 ghost crabs
  A vault guard (D:13)
  The ghost of galech the Grappler, a novice TrMo of Okawaru (Lair:1)
  2 centaur warriors (D:13)
  10 alligators
  A dancing weapon (Elf:1)
  8 death scarabs (Spider:4)
  Nergalle (D:11)
  9 death yaks
  2 deep elf knights (Elf:1)
  4 spriggan druids
  2 deep trolls (Orc:1)
  A death drake (Swamp:4)
  4 swamp dragons
  4 spectral hydras (Swamp:4)
  3 wizards (D:13)
  A flayed ghost (D:13)
  10 hill giants
  4 shambling mangroves
  A lindwurm (Lair:6)
  2 spectral wolf spiders (Spider:4)
  4 necromancers
  3 deep elf archers
  19 orb spiders
  3 wolf spider zombies (Spider:4)
  A manticore (D:13)
  24 wolf spiders
  2 ugly things
  4 deep elf magi (Elf:1)
  An orc knight (Bailey)
  4 cyclopes
  3 moths of wrath
  17 elephants
  12 spiny frogs
  The ghost of dvd the Slasher, a novice MiGl of Uskayaw (D:5)
  8 torpor snails
  4 swamp worm zombies (Swamp:4)
  A gargoyle (D:12)
  A spectral redback (Spider:4)
  A kobold demonologist (D:11)
  5 rime drakes
  2 redback zombies (Spider:4)
  12 demonic crawlers
  11 komodo dragons
  12 trolls
  A polar bear (Lair:6)
  5 hydra zombies (Swamp:4)
  27 jumping spiders
  A merfolk (D:11)
  5 spectral tarantellas (Spider:4)
  39 hornets
  7 bog bodies
  6 two-headed ogres
  10 dream sheep (Lair:6)
  A jumping spider zombie (Spider:4)
  3 spectral swamp dragons (Swamp:4)
  3 spectral jumping spiders (Spider:4)
  10 blink frogs
  5 hippogriffs
  19 tyrant leeches
  4 alligator zombies (Swamp:4)
  12 slime creatures
  6 spriggans
  An air elemental (Elf:1)
  5 wyverns
  70 redbacks
  5 shadows
  38 tarantellas
  5 wraiths
  36 yaks
  16 humans (D:13)
  2 hungry ghosts
  Eustachio (D:6)
  2 fire bats (D:13)
  3 steam dragons (Lair:6)
  4 basilisks
  19 vampire mosquitoes
  25 insubstantial wisps
  4 mottled dragons
  A warg (Orc:1)
  14 water moccasins
  24 swamp worms
  2 hell hounds (D:11)
  6 porcupines
  A hell hound (shapeshifter) (D:13)
  19 orc warriors
  6 swamp drakes
  2 hornet zombies (Spider:4)
  12 phantoms
  A black bear (D:10)
  4 sky beasts
  2 ice beasts
  2 necrophages
  28 ogres
  2 swamp dragon zombies (Swamp:4)
  9 wolves
  3 centaurs
  A big kobold (D:10)
  15 crocodiles
  A gnoll sergeant (D:11)
  13 bullfrogs
  3 earth elementals (D:12)
  A wyvern skeleton (D:11)
  2 scorpions
  6 killer bees (D:13)
  A water moccasin skeleton (D:9)
  5 wights (D:10)
  5 howler monkeys
  5 electric eels
  2 crimson imps
  3 centaur zombies
  2 quasits (D:10)
  4 bullfrog zombies
  12 orc priests
  3 bullfrog skeletons
  2 hounds
  17 orc wizards
  2 centaur skeletons
  10 iguanas
  2 polar bear simulacra (Lair:3)
  9 worker ants
  4 hell rats (Lair:6)
  4 yak simulacra (Lair:3)
  A wolf simulacrum (Lair:3)
  A big kobold zombie (Ossuary)
  A hound zombie (D:7)
  A hound skeleton (D:11)
  9 mummies
  A worker ant zombie (D:10)
  7 gnolls
  12 adders
  2 howler monkey skeletons
  A swamp drake zombie (Swamp:4)
  6 shadow imps
  2 oozes
  2 adder skeletons
  10 worms
  2 dart slugs (D:1)
  2 leopard geckos
  77 orcs
  2 ball pythons
  16 bats
  5 giant cockroaches
  A gnoll zombie (Ossuary)
  11 goblins
  11 hobgoblins
  10 jackals
  6 quokkas
  3 frilled lizards (D:2)
  2 hobgoblin zombies (Ossuary)
  27 kobolds
  2 kobold zombies (Ossuary)
  A leopard gecko zombie (D:8)
  2 orc zombies (Ossuary)
  A quokka skeleton (D:4)
  2 rats
  4 river rat simulacra (Lair:3)
  A bush (D:2)
  A butterfly (Lair:5)
  15 fungi
  19 plants
1227 creatures vanquished.

Vanquished Creatures (others)
  An emperor scorpion (Spider:4)
  An orb spider (Spider:1)
  A tarantella (Spider:1)
  7 fungi
  23 plants
33 creatures vanquished.

Grand Total: 1260 creatures vanquished

Notes
Turn   | Place    | Note
-------+----------+-------------------------------------------
     0 | D:1      | dvd the Minotaur Fighter began the quest for the Orb.
     0 | D:1      | Reached XP level 1. HP: 19/19 MP: 0/0
   325 | D:1      | Reached XP level 2. HP: 27/27 MP: 1/1
   510 | D:1      | Reached XP level 3. HP: 33/33 MP: 2/2
  1125 | D:2      | Found a blossoming altar of Fedhas.
  1170 | D:2      | Found a bloodstained altar of Trog.
  1171 | D:2      | Found a shimmering altar of Xom.
  1175 | D:2      | Reached skill level 3 in Axes
  1361 | D:2      | Reached XP level 4. HP: 33/41 MP: 3/3
  2648 | D:4      | Reached skill level 4 in Axes
  2648 | D:4      | Reached XP level 5. HP: 38/47 MP: 4/4
  2800 | D:4      | Noticed an ogre
  2812 | D:4      | Killed an ogre
  2812 | D:4      | Reached skill level 5 in Armour
  2812 | D:4      | Reached skill level 5 in Shields
  2812 | D:4      | Reached XP level 6. HP: 18/53 MP: 5/5
  3165 | D:4      | Reached skill level 1 in Dodging
  3709 | D:5      | Entered Level 5 of the Dungeon
  3735 | D:5      | Reached skill level 5 in Axes
  3816 | D:5      | Noticed dvd's ghost (novice MiGl)
  3829 | D:5      | Killed dvd's ghost
  3829 | D:5      | Reached skill level 5 in Fighting
  3829 | D:5      | Reached skill level 6 in Axes
  3829 | D:5      | Reached XP level 7. HP: 17/61 MP: 6/6
  4340 | D:5      | Found an ancient bone altar of Kikubaaqudgha.
  4392 | D:5      | Reached skill level 7 in Axes
  4392 | D:5      | Reached XP level 8. HP: 58/68 MP: 7/7
  4473 | D:5      | Found a white marble altar of Elyvilon.
  5053 | D:6      | Found a staircase to the Ecumenical Temple.
  5105 | D:6      | Found a sand-covered staircase.
  5144 | Ossuary  | Entered an ossuary
  5408 | Ossuary  | Reached skill level 8 in Axes
  5656 | Temple   | Entered the Ecumenical Temple
  5677 | Temple   | Became a worshipper of Qazlal Stormbringer
  5885 | D:6      | Noticed Eustachio
  5907 | D:6      | Killed Eustachio
  5914 | D:6      | Found a sparkling altar of Nemelex Xobeh.
  5962 | D:6      | Found Enu Irr's Armour Emporium.
  6203 | D:6      | Found a snail-covered altar of Cheibriados.
  6391 | D:7      | Reached skill level 9 in Axes
  6391 | D:7      | Reached XP level 9. HP: 75/77 MP: 8/8
  6710 | D:6      | Gained mutation: You are frail. (-10% HP) [potion of mutation]
  6710 | D:6      | Gained mutation: You evolve. [potion of mutation]
  6710 | D:6      | Gained mutation: Potions and wands are less effective at restoring your health. [potion of mutation]
  6833 | D:7      | Found a shattered altar of Ashenzari.
  7087 | D:7      | Gained mutation: You are clumsy. (Dex -2) [mutagenic meat]
  7088 | D:7      | Gained mutation: Your muscles are strong. (Str +2) [mutagenic meat]
  7089 | D:7      | Gained mutation: You have a pair of large horns on your head. [mutagenic meat]
  7090 | D:7      | Gained mutation: Your movements are slightly less encumbered by armour. (ER -2) [mutagenic meat]
  7091 | D:7      | Gained mutation: You rapidly evolve. [mutagenic meat]
  7092 | D:7      | Gained mutation: Your mind is acute. (Int +2) [mutagenic meat]
  7335 | D:7      | Reached skill level 10 in Axes
  7624 | D:7      | Found an opulent altar of Gozag.
  7883 | D:8      | Got a crude ring mail
  7894 | D:8      | Identified the cursed +1 ring mail "Pyado" {rF+ MR+ Stlth+} (You found it on level 8 of the Dungeon)
  7946 | D:8      | Reached * piety under Qazlal
  8190 | D:8      | Found Ixaegumo's Assorted Antiques.
  8517 | D:9      | Found a staircase to the Orcish Mines.
  8809 | D:9      | Reached skill level 11 in Axes
  8840 | D:9      | Reached XP level 10. HP: 76/77 MP: 7/9
  8923 | D:9      | Lost mutation: You are frail. (-10% HP) [evolution]
  9505 | D:9      | Found Bumafera's Book Emporium.
  9664 | D:6      | Bought a +2 buckler of cold resistance for 258 gold pieces
  9664 | D:6      | Bought a +0 pair of gloves for 54 gold pieces
  9761 | D:8      | Gained mutation: You expend magic power (3 MP) to strengthen your wands. [mutagenic meat]
  9763 | D:8      | Gained mutation: Armour fits poorly on your strangely shaped body. [mutagenic meat]
  9822 | D:10     | Entered Level 10 of the Dungeon
  9848 | D:10     | Reached skill level 1 in Stealth
  9886 | D:10     | Found Urumuiw's Jewellery Shoppe.
  9962 | D:10     | Found a portal to a secret trove of treasure.
  9974 | D:10     | Lost mutation: You expend magic power (3 MP) to strengthen your wands. [mutagenic meat]
  9975 | D:10     | Gained mutation: Your mind is very acute. (Int +4) [mutagenic meat]
 10060 | D:10     | Gained mutation: You are resistant to hostile enchantments. (MR+) [evolution]
 10060 | D:10     | Lost mutation: You rapidly evolve. [end of evolution]
 10068 | D:10     | Noticed Erolcha
 10080 | D:10     | Killed Erolcha
 10080 | D:10     | Reached skill level 12 in Axes
 10173 | D:10     | Reached ** piety under Qazlal
 10418 | D:10     | Noticed a hill giant
 10618 | D:10     | Killed a hill giant
 10741 | D:10     | Noticed Harold
 10755 | D:10     | Killed Harold
 10755 | D:10     | Reached skill level 1 in Invocations
 10755 | D:10     | Reached XP level 11. HP: 91/95 MP: 8/10
 11038 | D:11     | Noticed removeelyvilon's ghost (journeyman OgTm)
 11056 | D:11     | Killed removeelyvilon's ghost
 11056 | D:11     | Reached skill level 13 in Axes
 11056 | D:11     | Reached skill level 10 in Shields
 11061 | D:11     | Found a staircase to the Lair.
 11509 | D:11     | Reached *** piety under Qazlal
 11666 | D:11     | Noticed a hill giant
 11674 | D:11     | Killed a hill giant
 11674 | D:11     | Reached skill level 5 in Dodging
 11875 | D:11     | Noticed Snorg
 11893 | D:11     | Killed Snorg
 11893 | D:11     | Reached skill level 1 in Throwing
 12373 | D:11     | Noticed Nergalle
 12393 | D:11     | Killed Nergalle
 12393 | D:11     | Reached skill level 14 in Axes
 12588 | Lair:1   | Entered Level 1 of the Lair of Beasts
 12718 | Lair:1   | Noticed a four-headed hydra
 12726 | Lair:1   | Killed a four-headed hydra
 12726 | Lair:1   | Reached XP level 12. HP: 106/106 MP: 9/14
 12947 | Lair:1   | Noticed galech's ghost (novice TrMo)
 12952 | Lair:1   | Killed galech's ghost
 12952 | Lair:1   | Reached skill level 10 in Fighting
 12952 | Lair:1   | Reached skill level 1 in Maces & Flails
 13087 | Lair:1   | Reached skill level 5 in Invocations
 13257 | Lair:1   | Reached skill level 1 in Evocations
 13695 | Lair:2   | Found a frozen archway.
 14011 | Lair:2   | Identified Jimo's Tome of Dusty Transformation
 14424 | Lair:2   | Found a hole to the Spider Nest.
 14831 | Lair:3   | Noticed a four-headed hydra
 14842 | Lair:2   | Killed a four-headed hydra
 14902 | Lair:3   | Reached skill level 10 in Armour
 14909 | Lair:3   | Reached skill level 15 in Axes
 15552 | Lair:3   | Reached **** piety under Qazlal
 15851 | Lair:3   | Found a staircase to the Swamp.
 15949 | Lair:3   | Reached XP level 13. HP: 94/115 MP: 12/16
 16616 | Lair:4   | Got a translucent glaive
 16634 | Lair:4   | Identified the +7 glaive of Weluc {elec, +Blink rElec Str-3 Stlth+} (You found it on level 4 of the Lair of Beasts)
 17472 | Lair:4   | Reached skill level 1 in Polearms
 17475 | Lair:4   | Gained mutation: Your muscles are very strong. (Str +4) [evolution]
 17980 | Lair:4   | HP: 5/116 [wolf (6)]
 18909 | Lair:6   | Entered Level 6 of the Lair of Beasts
 18922 | Lair:6   | Got a sheer robe
 18926 | Lair:6   | Reached skill level 5 in Polearms
 19014 | Lair:6   | Reached ***** piety under Qazlal
 19876 | Lair:6   | Reached XP level 14. HP: 124/124 MP: 19/19
 20204 | Lair:6   | Found a viscous altar of Jiyva.
 20204 | Lair:6   | Found a staircase to the Slime Pits.
 20429 | Lair:6   | Found a runed door.
 20445 | Lair:6   | Identified the +1 robe "Hidol" {*Contam rF+ Slay+5} (You found it on level 6 of the Lair of Beasts)
 20462 | Lair:6   | Paralysed by a hornet for 3 turns
 20466 | Lair:6   | Reached skill level 16 in Axes
 21981 | Orc:1    | Entered Level 1 of the Orcish Mines
 22197 | Orc:2    | Entered Level 2 of the Orcish Mines
 22215 | Orc:2    | Noticed an orc warlord
 22298 | Orc:1    | Lost mutation: Your mind is very acute. (Int +4) [evolution]
 22514 | Orc:2    | Found Bouniucw's Weapon Emporium.
 22514 | Orc:2    | Found Poheida's Food Shoppe.
 22516 | Orc:2    | Noticed Thomus's ghost (journeyman HOFi)
 23031 | Orc:1    | Lost mutation: Your muscles are very strong. (Str +4) [mutagenic glow]
 23858 | D:9      | Killed an orc warlord
 23910 | Orc:2    | Reached ****** piety under Qazlal
 23917 | Orc:2    | Killed Thomus's ghost
 23932 | Orc:2    | Found Tuotsefo's Magic Scroll Shop.
 24296 | Orc:2    | Found Tepsi's Gadget Emporium.
 24481 | Orc:2    | Found a staircase to the Elven Halls.
 24693 | Orc:1    | Found a roughly hewn altar of Beogh.
 24733 | Orc:1    | Found Eqozesk's Antique Armour Emporium.
 24741 | Orc:1    | Bought a spiked cloak for 247 gold pieces
 24746 | Orc:1    | Identified the +2 cloak of Taminnel {+Inv MR- Regen+ Str+2} (You bought it in a shop on level 1 of the Orcish Mines)
 25408 | D:12     | Reached XP level 15. HP: 134/134 MP: 21/21
 25527 | D:12     | Found Hainwu's Pet Rocks.
 25601 | D:12     | Learned a level 2 spell: Blink
 25608 | D:12     | Found Udiviw's Assorted Antiques.
 25611 | D:12     | Bought an ichor-stained cloak for 180 gold pieces
 25611 | D:12     | Bought an ancient chain mail for 180 gold pieces
 25621 | D:12     | Identified the +4 chain mail "Heaqygug" {+Blink rF+} (You bought it in a shop on level 12 of the Dungeon)
 25631 | D:12     | Identified the cursed +0 cloak of Amyrup {Str+6 Dex-5 Slay+2} (You bought it in a shop on level 12 of the Dungeon)
 25945 | D:13     | Reached skill level 17 in Axes
 26067 | D:13     | Found a gate to the Vaults.
 26102 | D:13     | Reached skill level 10 in Invocations
 26136 | D:13     | Found a flagged portal.
 26172 | Bailey   | Entered a bailey
 26349 | Bailey   | Found a bloodstained altar of Trog.
 26603 | D:13     | Found a shadowy altar of Dithmenos.
 26625 | D:13     | Found a runed door.
 26637 | D:13     | Found a hide-covered altar of Uskayaw.
 26653 | D:13     | Found a hazy altar of Hepliaklqana.
 26658 | D:13     | Found a burning altar of Makhleb.
 26701 | D:13     | Found a burning altar of Makhleb.
 26723 | D:13     | Found an opulent altar of Gozag.
 26755 | D:13     | Identified a +5 rod of ignition (11/11) (You found it on level 13 of the Dungeon)
 27122 | D:10     | Bought an uncursed ring of poison resistance for 300 gold pieces
 27123 | D:10     | Bought the amulet "Lyitug" {Faith *Corrode +Inv rElec Str+4} for 957 gold pieces
 27128 | D:10     | Bought the ring of the Four Souls {rCorr Dex+4} for 531 gold pieces
 27276 | Spider:1 | Entered Level 1 of the Spider Nest
 28149 | Spider:2 | Lost mutation: You are clumsy. (Dex -2) [evolution]
 28399 | Spider:2 | Reached XP level 16. HP: 146/146 MP: 23/23
 28828 | Spider:3 | Noticed Agnes
 28829 | Spider:3 | Noticed Asterion
 28836 | Spider:3 | Killed Agnes
 28841 | Spider:3 | Noticed an Executioner
 28844 | Spider:3 | Killed Asterion
 28844 | Spider:3 | Reached skill level 15 in Shields
 29166 | Spider:3 | Noticed Mara
 29191 | Spider:3 | Noticed dvd's illusion
 29191 | Spider:3 | Killed Mara
 29599 | Spider:4 | Entered Level 4 of the Spider Nest
 29635 | Spider:4 | Noticed Aizul
 29668 | Spider:4 | Killed Aizul
 30237 | Spider:4 | Reached skill level 15 in Fighting
 30723 | Spider:4 | Reached XP level 17. HP: 156/156 MP: 24/24
 30826 | Spider:4 | Reached skill level 5 in Evocations
 31380 | Spider:4 | Reached skill level 18 in Axes
 31402 | Spider:4 | Got a gossamer rune of Zot
 31678 | Swamp:1  | Entered Level 1 of the Swamp
 32066 | Swamp:1  | Lost mutation: Potions and wands are less effective at restoring your health. [evolution]
 32887 | Swamp:2  | Noticed Melicamp's ghost (journeyman SpEn)
 33008 | Swamp:2  | Killed Melicamp's ghost
 34489 | Swamp:3  | Gained mutation: Scrolls take you a little longer to read. [evolution]
 34522 | Swamp:4  | Entered Level 4 of the Swamp
 34710 | Swamp:4  | Reached XP level 18. HP: 166/166 MP: 26/26
 35431 | Swamp:4  | Noticed a bone dragon
 35444 | Swamp:4  | Killed a bone dragon
 35444 | Swamp:4  | Reached skill level 5 in Maces & Flails
 35692 | Swamp:4  | Got a decaying rune of Zot
 35970 | Elf:1    | Entered Level 1 of the Elven Halls
 36070 | Elf:1    | HP: 8/166 [war axe of chopping (1)]
 36072 | Elf:1    | Killed from afar by a shadow dragon

Skill      XL: |  1  2  3  4  5  6  7  8  9 10 11 12 13 14 15 16 17 18 |
---------------+-------------------------------------------------------+-----
Armour         | 4 5 6 7 8 9 10 11 12 13 | 13.0
Fighting       | 4 5 6 7 8 9 10 11 12 14 15 | 15.9
Shields        | 4 5 6 7 8 9 10 11 12 13 14 15 17 | 17.5
Axes           | 3 4 6 7 9 11 12 14 15 16 17 18 | 18.4
Dodging        | 1 2 4 5 6 7 8 9 |  9.6
Stealth        | 2 3 |  3.5
Invocations    | 1 4 6 8 9 10 11 12 13 | 13.0
Throwing       | 2 3 4 |  4.4
Maces & Flails | 2 3 4 5 |  5.1
Evocations     | 1 4 7 |  7.6
Polearms       | 5 |  5.4
Spellcasting   | |  0.3

Action                   |  1- 3 |  4- 6 |  7- 9 | 10-12 | 13-15 | 16-18 || total
-------------------------+-------+-------+-------+-------+-------+-------++-------
Melee: War axe           |    82 |   159 |   381 |   641 |   963 |  1028 ||  3254
       Headbutt          |    16 |    38 |    64 |   144 |   276 |   359 ||   897
       Mace              |       |       |       |    18 |       |       ||    18
       Glaive            |       |       |       |       |    71 |       ||    71
       Flail             |       |       |       |       |     7 |    59 ||    66
       Morningstar       |       |       |       |       |       |    12 ||    12
Throw: Tomahawk          |       |       |       |    45 |    38 |    12 ||    95
       Javelin           |       |       |       |     1 |     6 |    15 ||    22
 Cast: Blink             |       |       |       |       |     1 |       ||     1
Invok: Upheaval          |       |       |       |     3 |     7 |    14 ||    24
 Abil: Evoke Blink       |       |       |       |       |       |     1 ||     1
Evoke: Wand              |       |       |       |     8 |    10 |    16 ||    34
  Use: Scroll            |       |     3 |    10 |    10 |    16 |     4 ||    43
       Potion            |       |     1 |    16 |     6 |     2 |     6 ||    31
 Stab: Invisible         |       |       |       |     2 |       |       ||     2
       Distracted        |       |       |       |     1 |       |       ||     1
       Confused          |       |       |       |       |     1 |       ||     1
       Fleeing           |       |       |       |       |       |     1 ||     1
  Eat: Chunk             |     2 |     8 |    23 |    33 |    32 |    16 ||   114
       Pizza             |       |       |     1 |       |     1 |     2 ||     4
       Beef jerky        |       |       |       |     1 |     4 |     2 ||     7
       Royal jelly       |       |       |       |       |       |     2 ||     2
       Fruit             |       |       |       |       |       |     1 ||     1
Armor: Scale mail        |    33 |    32 |       |       |       |       ||    65
       Chain mail        |       |    25 |   126 |       |    99 |   383 ||   633
       Ring mail         |       |       |    21 |   140 |   106 |       ||   267
       Skin              |       |       |       |     2 |       |       ||     2
       Robe              |       |       |       |       |    21 |       ||    21
Dodge: Dodged            |    19 |    32 |    77 |   214 |   381 |   450 ||  1173
       Deflected         |       |       |       |       |    20 |     9 ||    29
Block: Shield            |    50 |    58 |   189 |    17 |       |       ||   314
       Buckler           |       |       |       |   272 |   710 |   992 ||  1974
       Other             |       |       |       |       |    20 |       ||    20
